 Dungeon Crawl Stone Soup version 0.28.0-1-gb440e238dd (webtiles) character file.

Game seed: 14256677164389021081

5229 cbfl8 the Cleaver (level 10, 0/136 HPs)
             Began as a Minotaur Berserker on Feb 20, 2022.
             Was an Elder of Trog.
             Succumbed to a hornet's poison
             ... on level 9 of the Dungeon.
             The game lasted 00:23:27 (10820 turns).

cbfl8 the Cleaver (Minotaur Berserker)             Turns: 10820, Time: 00:23:27

Health: 0/136      AC: 18    Str: 26    XL:     10   Next: 35%
Magic:  9/9        EV:  9    Int:  9    God:    Trog [****..]
Gold:   181        SH:  0    Dex: 10    Spells: 9/9 levels left

rFire   . . .      SeeInvis .   D - +2 dire flail (vorpal)
rCold   . . .      Faith    .   (shield currently unavailable)
rNeg    + . .      Spirit   .   r - +1 plate armour
rPois   .          Reflect  .   (helmet restricted)
rElec   +          Harm     .   K - +0 cloak
rCorr   +          Rampage  .   k - +0 pair of gloves
Will    +....                   (no boots)
Stlth   ..........              (no amulet)
HPRegen 0.32/turn               c - ring of resist corrosion
MPRegen 0.11/turn               F - ring of Udotreup {Drain rElec rN+ Will+ Int+5}

@: berserking (expiring), lethally poisoned (0 -> -7), slowed, studying
Evocations
A: horns 2, retaliatory headbutt
a: Renounce Religion, Berserk, Trog's Hand, Brothers in Arms


You were on level 9 of the Dungeon.
You worshipped Trog.
Trog was greatly pleased with you.
You visited 2 branches of the dungeon, and saw 10 of its levels.

You collected 442 gold pieces.
You spent 261 gold pieces at shops.

Inventory:

Hand Weapons
 a - a +0 hand axe
 p - a +4 whip of electrocution
 D - a +2 vorpal dire flail (weapon)
 I - a +0 trident of venom
Missiles
 G - a throwing net (quivered)
Armour
 b - a +0 animal skin
 d - a +2 helmet of see invisible
 h - a +0 chain mail
 k - a +0 pair of gloves (worn)
 n - a +0 ring mail
 r - a +1 plate armour (worn)
 K - a +0 cloak (worn)
Jewellery
 c - a ring of resist corrosion (left hand)
 y - a ring of protection from fire
 C - a ring of protection from fire
 F - the ring of Udotreup (right hand) {Drain rElec rN+ Will+ Int+5}
   (You found it on level 6 of the Dungeon)

   [ring of willpower]

   Int:       It affects your intelligence (+5).
   rElec:     It insulates you from electricity.
   rN:        It protects you from negative energy.
   Drain:     It drains your maximum health when unequipped.
   Will:      It increases your willpower.
Wands
 q - a wand of acid (13)
 w - a wand of iceblast (9)
 H - a wand of polymorph (24)
Scrolls
 f - 4 scrolls of identify
 l - 2 scrolls of teleportation
 m - 2 scrolls of silence
 t - 2 scrolls of fog
 u - a scroll of enchant armour
 x - 4 scrolls of noise
 A - 2 scrolls of magic mapping
 B - 3 scrolls of amnesia {unknown}
 E - a scroll of fear {unknown}
 J - a scroll of enchant weapon {unknown}
Potions
 e - 2 potions of attraction
 g - 2 potions of lignification
 i - 2 potions of curing {unknown}
 j - a potion of brilliance {unknown}
 o - 2 potions of resistance {unknown}
 s - 4 potions of degeneration {unknown}
 v - a potion of mutation {unknown}
 z - a potion of heal wounds


   Skills:
 + Level 9.4 Fighting
 + Level 10.5(11.3) Axes
 + Level 6.6(9.4) Maces & Flails
 + Level 10.2 Armour
 + Level 4.7 Dodging
 + Level 1.3 Stealth
 + Level 0.5 Evocations


You had 9 spell levels left.
You didn't know any spells.
Your spell library contained the following spells:

 Spells                   Type           Power      Damage    Failure   Level
 Animate Skeleton         Necr           0%         N/A       98%         1
 Apportation              Tloc           0%         N/A       98%         1
 Freeze                   Ice            0%         1d3       98%         1
 Pain                     Necr           0%         1d4       98%         1
 Sting                    Tmut/Pois      0%         1d3       98%         1
 Summon Small Mammal      Summ           0%         N/A       98%         1
 Ensorcelled Hibernation  Hex/Ice        0%         N/A       99%         2
 Passwall                 Tmut/Erth      0%         N/A       99%         2
 Static Discharge         Conj/Air       0%         N/A       99%         2
 Dazzling Flash           Conj/Hex       0%         N/A       100%        3
 Frozen Ramparts          Ice            0%         1d2       100%        3
 Mephitic Cloud           Conj/Pois/Air  0%         N/A       100%        3
 Swiftness                Air            0%         N/A       100%        3
 Vampiric Draining        Necr           0%         2d6       100%        3
 Hailstorm                Conj/Ice       0%         3d3       100%        4
 Iskenderun's Mystic Bla  Conj/Tloc      0%         2d3       100%        4
 Alistair's Intoxication  Tmut/Pois      0%         N/A       100%        5
 Lightning Bolt           Conj/Air       0%         1d11      100%        5
 Dispersal                Tloc           0%         N/A       100%        6
 Starburst                Conj/Fire      0%         6d3       100%        6
 Disjunction              Tloc           0%         N/A       100%        8
 Maxwell's Capacitive Co  Air            0%         ∞         100%        8


Dungeon Overview and Level Annotations

Branches:
Dungeon (9/15)             Temple (1/1) D:6
   Lair: D:8-11         Orc: D:9-12

Altars:
Ashenzari
Cheibriados
Dithmenos
Elyvilon
Fedhas
Gozag
Hepliaklqana
Kikubaaqudgha
Nemelex Xobeh
Okawaru
Qazlal
Ru
Sif Muna
Trog
Uskayaw
Vehumet
Wu Jian
Xom
Yredelemnul
Zin
The Shining One

Shops:
D:3 (:   D:5 (?:[


Innate Abilities, Weirdness & Mutations

You have a pair of horns on your head.
You reflexively headbutt those who attack you in melee.


Message History

You are too berserk!
You are too berserk!
You struggle against the net.
You feel a strong urge to attack something.
You feel sick.
The gnoll hits you but does no damage. x4
The hornet stings you.
* * * LOW HITPOINT WARNING * * *
You are more poisoned.
You feel as though you will be slow longer.
The gnoll sergeant barely misses you.
You shred the net and break free!
You feel very sick.
The hornet stings you but does no damage.
The gnoll closely misses you.
The gnoll hits you but does no damage. x2
The gnoll barely misses you.
The gnoll sergeant hits you with a +2 spear of pain.
* * * LOW HITPOINT WARNING * * *
You writhe in agony.
* * * LOW HITPOINT WARNING * * *
The hornet stings you but does no damage.
You hit the hornet.
The hornet is lightly wounded.
You feel sick. The gnoll barely misses you.
The gnoll hits you but does no damage. The gnoll barely misses you.
The gnoll hits you with a +0 club.
* * * LOW HITPOINT WARNING * * *
The hornet stings you but does no damage.
The gnoll sergeant hits you but does no damage.
You hit the hornet. Your headbutt misses the hornet.
The hornet is heavily wounded.
* * * LOW HITPOINT WARNING * * *
You feel sick.
The hornet stings you but does no damage.
The gnoll hits you but does no damage. x2; The gnoll closely misses you.
The gnoll hits you from afar with a +0 spear.
* * * LOW HITPOINT WARNING * * *
You bludgeon the hornet!!
You kill the hornet!
Trog accepts your kill.
You die...

#########
....... .....
.#####g..
......g.#
.....g†@#
......g........
####..g...#####
#>.....#
#......#
#......#
#......#
#......#


You could see a gnoll sergeant and 4 gnolls.

Vanquished Creatures
  Maggie (D:7)
  A hornet (D:9)
  Grinder (D:3)
  7 yaks
  Menkaure (D:4)
  4 water moccasins
  4 ice beasts
  An orc warrior (D:8)
  4 ogres
  3 centaurs
  A phantom (D:5)
  A kobold brigand (D:7)
  Blork the orc (D:4)
  4 bullfrogs
  A scorpion (D:6)
  A water moccasin zombie (D:5)
  A water moccasin skeleton (D:6)
  6 howler monkeys
  4 centaur zombies
  6 hounds
  3 jellies
  A centaur skeleton (D:7)
  5 orc priests
  An iguana (D:6)
  A bullfrog skeleton (D:5)
  Terence (D:2)
  5 orc wizards
  2 killer bee zombies (D:8)
  A howler monkey zombie (D:8)
  Robin (D:4)
  8 gnolls
  2 adders
  An ufetubus (D:6)
  A worm (D:4)
  2 dart slugs
  21 orcs
  17 endoplasms
  A giant cockroach (D:3)
  16 goblins
  15 hobgoblins
  3 jackals (D:1)
  22 kobolds
  A quokka (D:3)
  8 ball pythons
  6 bats
  6 frilled lizards
  5 rats
209 creatures vanquished.

Vanquished Creatures (others)
  6 fungi (D:2)
  6 toadstools (D:2)
12 creatures vanquished.

Grand Total: 221 creatures vanquished

Notes
Turn   | Place    | Note
-------+----------+-------------------------------------------
     0 | D:1      | cbfl8 the Minotaur Berserker began the quest for the Orb.
     0 | D:1      | Reached XP level 1. HP: 19/19 MP: 0/0
   328 | D:1      | Reached XP level 2. HP: 27/27 MP: 1/1
   945 | D:1      | Got the Almanac of the Traveller and Toxins
  1024 | D:1      | Reached ** piety under Trog
  1025 | D:1      | Reached XP level 3. HP: 29/33 MP: 2/2
  1459 | D:2      | Reached XP level 4. HP: 4/41 MP: 3/3
  1816 | D:2      | Found a faded altar of an unknown god.
  1967 | D:2      | Noticed Terence
  1978 | D:2      | Killed Terence
  1979 | D:2      | Reached skill level 5 in Axes
  2414 | D:2      | Reached XP level 5. HP: 43/47 MP: 4/4
  2770 | D:3      | Found Laughool's Weapon Shop.
  2772 | D:3      | Found Ysexix's Book Shoppe.
  2886 | D:3      | Noticed an ogre
  2894 | D:3      | Killed an ogre
  2895 | D:3      | Reached skill level 5 in Fighting
  2895 | D:3      | Reached XP level 6. HP: 29/56 MP: 5/5
  3289 | D:3      | Found Cuas's Distillery.
  3295 | D:3      | Found a large runed translucent door.
  3305 | D:3      | Found a large runed translucent door.
  3320 | D:3      | Found a bloodstained altar of Trog.
  3329 | D:3      | Reached *** piety under Trog
  3338 | D:3      | Found a sacrificial altar of Ru.
  3371 | D:3      | Noticed Grinder
  3396 | D:3      | Paralysed by Grinder for 4 turns
  3401 | D:3      | Killed Grinder
  3402 | D:3      | Reached skill level 1 in Stealth
  4092 | D:4      | Noticed Robin
  4119 | D:3      | Reached XP level 7. HP: 41/61 MP: 6/6
  4492 | D:4      | Killed Robin
  4817 | D:4      | Noticed Menkaure
  4825 | D:4      | Killed Menkaure
  4974 | D:4      | Reached skill level 5 in Armour
  4980 | D:4      | Noticed Blork the orc
  4990 | D:4      | Killed Blork the orc
  5667 | D:4      | Reached XP level 8. HP: 68/70 MP: 7/7
  5769 | D:5      | Entered Level 5 of the Dungeon
  6427 | D:5      | Found Xistiac's Antique Weapon Boutique.
  6430 | D:5      | Found Foment's Magic Scroll Boutique.
  6451 | D:5      | Bought a scroll of teleportation for 33 gold pieces
  6451 | D:5      | Bought a scroll of identify for 22 gold pieces
  6451 | D:5      | Bought a scroll of magic mapping for 38 gold pieces
  6533 | D:6      | Reached XP level 9. HP: 55/79 MP: 8/8
  6557 | D:5      | Reached **** piety under Trog
  6724 | D:6      | Reached skill level 10 in Axes
  7023 | D:5      | Found Ocwiluw's Antique Armour Shoppe.
  7064 | D:5      | Found Qeizapsaust's Book Shop.
  7241 | D:5      | Bought a glowing dire flail for 168 gold pieces
  7312 | D:6      | Found a staircase to the Ecumenical Temple.
  7327 | Temple   | Entered the Ecumenical Temple
  7408 | D:6      | Identified the ring of Udotreup {Drain rElec rN+ Will+
                  | Int+5}
  8070 | D:7      | Reached skill level 1 in Maces & Flails
  8546 | D:7      | Noticed Maggie
  8562 | D:7      | Killed Maggie
  8826 | D:8      | Found a white marble altar of Elyvilon.
  9228 | D:8      | Reached XP level 10. HP: 49/90 MP: 9/9
  9484 | D:8      | Reached skill level 10 in Armour
  9536 | D:8      | Found a broken altar of Ashenzari.
  9597 | D:8      | Reached skill level 5 in Maces & Flails
 10813 | D:9      | Paralysed by a hornet for 3 turns
 10819 | D:9      | HP: 2/136 [gnoll (5)]
 10820 | D:9      | Succumbed to a hornet's poison

Illustrated notes

Levels and vault maps discovered:
D:1:      dpeg_arrival_morbid_curiosity, layout_basic
D:2:      cheibrodos_fertilizer, layout_basic, basic_ecumenical_altar,
          uniq_terence
D:3:      layout_basic, jmf_multi_god_temple2, serial_shops, shop,
          nicolae_shop_bloodbath_and_beyond, shop, kennysheep_generic_room_11,
          uniq_grinder
D:4:      layout_rooms, minmay_manual_mess, uniq_blork_the_orc, uniq_menkaure,
          uniq_robin
D:5:      layout_cave_pools, serial_shops, nicolae_shop_waterfront,
          shop_fountains, shop, shop
D:6:      layout_rooms, minmay_temple_entry_ruins
D:7:      layout_rooms, serial_glass, glass_columns_c, glass_columns_a,
          item_on_display_a, uniq_maggie
D:8:      layout_basic, hangedman_feature_mirror
D:9:      layout_stronghold, erik_lair_island, disabler_island
Temple:   nicolae_temple_no_exploring_needed

Skill      XL: |  1  2  3  4  5  6  7  8  9 10 |
---------------+-------------------------------+-----
Axes           | 4 5 6 7 8 9 10 | 10.5
Fighting       | 4 5 6 7 8 9 |  9.4
Dodging        | 3 4 |  4.7
Armour         | 3 4 6 7 9 10 | 10.2
Stealth        | 1 |  1.3
Maces & Flails | 4 6 |  6.6
Evocations     | |  0.5

Action                   |  1- 3 |  4- 6 |  7- 9 | 10-12 || total
-------------------------+-------+-------+-------+-------++-------
Melee: Hand axe          |    73 |   111 |   204 |       ||   388
       Headbutt          |     9 |    17 |    51 |    11 ||    88
       Punch             |     1 |     2 |     2 |       ||     5
       Dire flail        |       |       |    81 |    52 ||   133
Invok: Berserk           |       |     2 |     6 |     2 ||    10
       Trog's Hand       |       |     1 |     7 |     1 ||     9
Evoke: Wand              |       |       |     2 |     3 ||     5
  Use: Scroll            |       |       |     4 |       ||     4
       Potion            |       |       |     2 |       ||     2
Armor: Animal skin       |    13 |     3 |       |       ||    16
       Chain mail        |       |    51 |     9 |       ||    60
       Plate armour      |       |       |   305 |    73 ||   378
       Skin              |       |       |    40 |       ||    40
Dodge: Dodged            |    59 |    73 |   171 |    42 ||   345
